DBL
WASHINGTON SENATORS @ SEATTLE PILOTS
06/10/1997
 
TOP OF THE 1ST
Washington Senators batting - Pitching for Seattle Pilots : RHP Cliff Brantley
Pitching: RHP Cliff Brantley
Batting: SHB Ray Durham 0-0: Called Strike
0-1: Ball
1-1: Ball
2-1: Foul Ball, location: 2F
2-2: Foul Ball, location: 2F
2-2: Ball
3-2: Strikes out swinging
Batting: RHB Vladimir Guerrero 0-0: Ball
1-0: Foul Ball, location: 2F
1-1: Swinging Strike
1-2: Foul Ball, location: 2F
1-2: Foul Ball, location: 2F
1-2: Strikes out looking
Batting: RHB Alex Rodriguez 0-0: Called Strike
0-1: Ball
1-1: Ball
2-1: Swinging Strike
2-2: Strikes out swinging
Top of the 1st over - 0 runs, 0 hits, 0 errors, 0 left on base; Washington 0 - Seattle 0
BOTTOM OF THE 1ST
Seattle Pilots batting - Pitching for Washington Senators : RHP Jim Neidlinger
Pitching: RHP Jim Neidlinger
Batting: SHB Bill R Mueller 0-0: Foul Ball, location: 2F
0-1: Foul Ball, location: 2F
0-2: Ball
1-2: Fly out, F7 (Flyball, 7, EV 96.9 MPH)
Batting: RHB Edgar Martinez 0-0: Called Strike
0-1: Fly out, F3 (Line Drive, 3, EV 68.8 MPH)
Batting: LHB Ken Griffey Jr. 0-0: Swinging Strike
0-1: Fly out, F5 (Popup, 5SF, EV 73.8 MPH)
Bottom of the 1st over - 0 runs, 0 hits, 0 errors, 0 left on base; Washington 0 - Seattle 0
TOP OF THE 2ND
Washington Senators batting - Pitching for Seattle Pilots : RHP Cliff Brantley
Batting: RHB Albert Belle 0-0: Ball
1-0: Foul Ball, location: 2F
1-1: Ball
2-1: Called Strike
2-2: Ball
3-2: Foul Ball, location: 2F
3-2: Base on Balls
Batting: RHB Eric Davis 0-0: Ball
1-0: Ball
2-0: Called Strike
2-1: Foul Ball, location: 2F
2-2: Ball
3-2: SINGLE (Groundball, 6MD, EV 97.5 MPH)
Albert Belle to second
Albert Belle to third
Batting: LHB Willie Greene 0-0: Ball
1-0: Ball
2-0: Called Strike
2-1: Swinging Strike
2-2: Strikes out swinging
Batting: LHB Jon Nunnally 0-0: Ball
1-0: Called Strike
1-1: Ball
2-1: Swinging Strike
2-2: Ball
3-2: Base on Balls
Eric Davis to second
Batting: SHB Mickey Tettleton 0-0: Called Strike
0-1: Swinging Strike
0-2: Strikes out swinging
Batting: LHB Don Mattingly 0-0: Ball
1-0: Called Strike
1-1: Foul Ball, location: 2F
1-2: Strikes out looking
Top of the 2nd over - 0 runs, 1 hit, 0 errors, 3 left on base; Washington 0 - Seattle 0
BOTTOM OF THE 2ND
Seattle Pilots batting - Pitching for Washington Senators : RHP Jim Neidlinger
Batting: RHB Dante Bichette 0-0: Called Strike
0-1: Ball
1-1: SINGLE (Groundball, 23, EV 69.4 MPH) (infield hit)
Batting: RHB Jermaine Dye 0-0: Foul Ball, location: 2F
0-1: Called Strike
0-2: Ball
1-2: Fly out, F7 (Flyball, 7D, EV 108.8 MPH)
Batting: LHB J.T. Snow 0-0: Ball
Dante Bichette steals 2nd base
1-0: Foul Ball, location: 2F
1-1: Ground out 5-3 (Groundball, 56, EV 77.5 MPH)
Batting: SHB Mark McLemore 0-0: Ball
1-0: Called Strike
1-1: Ball
2-1: Foul Ball, location: 2F
2-2: Ground out 5-3 (Groundball, 56, EV 90.0 MPH)
Bottom of the 2nd over - 0 runs, 1 hit, 0 errors, 1 left on base; Washington 0 - Seattle 0
TOP OF THE 3RD
Washington Senators batting - Pitching for Seattle Pilots : RHP Cliff Brantley
Batting: SHB Ray Durham 0-0: Called Strike
0-1: Ball
1-1: Ball
2-1: Swinging Strike
2-2: Ground out 4-3 (Groundball, 4, EV 78.8 MPH)
Batting: RHB Vladimir Guerrero 0-0: Called Strike
0-1: Fly out, F3 (Popup, 34S, EV 68.8 MPH)
Batting: RHB Alex Rodriguez 0-0: Ball
1-0: Ball
2-0: Ball
3-0: Base on Balls
Batting: RHB Albert Belle 0-0: Ball
1-0: Ball
Alex Rodriguez is caught stealing 2nd base 2-4
Top of the 3rd over - 0 runs, 0 hits, 0 errors, 0 left on base; Washington 0 - Seattle 0
BOTTOM OF THE 3RD
Seattle Pilots batting - Pitching for Washington Senators : RHP Jim Neidlinger
Batting: RHB Aaron Ledesma 0-0: Ball
1-0: Ball
2-0: Ball
3-0: Called Strike
3-1: Ground out 4-3 (Groundball, 4, EV 108.8 MPH)
Batting: RHB Joe Girardi 0-0: SINGLE (Groundball, 6MD, EV 110.6 MPH)
Batting: SHB Bill R Mueller 0-0: Ball
1-0: Called Strike
1-1: Swinging Strike
1-2: Foul Ball, location: 2F
Balk!
Joe Girardi to second
1-2: SINGLE (Flyball, 9LS, EV 92.5 MPH)
Joe Girardi to third
Runner from 3rd tries for Home, SAFE, no throw by RF
Batting: RHB Edgar Martinez 0-0: Fly out, F7 (Flyball, 7S, EV 96.9 MPH)
Batting: LHB Ken Griffey Jr. 0-0: Ball
1-0: Ball
2-0: Called Strike
Bill R Mueller is caught stealing 2nd base 2-6
Bottom of the 3rd over - 1 run, 2 hits, 0 errors, 0 left on base; Washington 0 - Seattle 1
TOP OF THE 4TH
Washington Senators batting - Pitching for Seattle Pilots : RHP Cliff Brantley
Batting: RHB Albert Belle 0-0: Called Strike
0-1: Foul Ball, location: 2F
0-2: SINGLE (Groundball, 34S, EV 71.3 MPH) (infield hit)
Batting: RHB Eric Davis 0-0: Ball
1-0: Foul Ball, location: 2F
1-1: Foul Ball, location: 2F
1-2: Foul Ball, location: 2F
1-2: SINGLE (Groundball, 56, EV 100.0 MPH) (infield hit)
Albert Belle to second
Batting: LHB Willie Greene 0-0: Ball
1-0: Called Strike
1-1: Called Strike
1-2: Fielders Choice at 2nd, 3-6 (Groundball, 34, EV 84.4 MPH)
Albert Belle to third
Batting: LHB Jon Nunnally 0-0: Fly out, F7 (Flyball, 7LM, EV 95.0 MPH)
Batting: SHB Mickey Tettleton 0-0: Ball
1-0: 3-RUN HOME RUN (Flyball, 9D, EV 95.0 MPH), Distance : 367 ft
Batting: LHB Don Mattingly 0-0: Foul Ball, location: 2F
0-1: Foul Ball, location: 2F
0-2: Foul Ball, location: 2F
0-2: Ball
1-2: Foul Ball, location: 2F
1-2: Reached on error, E4 (Groundball, 4, EV 80.6 MPH)
Batting: SHB Ray Durham 0-0: Fly out, F7 (Flyball, 78S, EV 81.9 MPH)
Top of the 4th over - 3 runs, 3 hits, 1 error, 1 left on base; Washington 3 - Seattle 1
BOTTOM OF THE 4TH
Seattle Pilots batting - Pitching for Washington Senators : RHP Jim Neidlinger
Batting: LHB Ken Griffey Jr. 0-0: Ball
1-0: Foul Ball, location: 2F
1-1: SINGLE (Line Drive, 4D, EV 99.4 MPH)
Batting: RHB Dante Bichette 0-0: Ball
1-0: Called Strike
1-1: Foul Ball, location: 2F
1-2: Ball
2-2: Foul Ball, location: 2F
2-2: Ground out 6-3 (Groundball, 6S, EV 72.5 MPH)
Ken Griffey Jr. to second
Batting: RHB Jermaine Dye 0-0: Called Strike
Ken Griffey Jr. steals 3rd base
0-1: Fly out, F8 (Flyball, 8RS, EV 90.6 MPH)
Batting: LHB J.T. Snow 0-0: Ball
1-0: Swinging Strike
1-1: Ball
2-1: Ball
3-1: Foul Ball, location: 2F
3-2: Strikes out swinging
Bottom of the 4th over - 0 runs, 1 hit, 0 errors, 1 left on base; Washington 3 - Seattle 1
TOP OF THE 5TH
Washington Senators batting - Pitching for Seattle Pilots : RHP Cliff Brantley
Batting: RHB Vladimir Guerrero 0-0: Ball
1-0: Ball
2-0: Ball
3-0: Called Strike
3-1: Foul Ball, location: 2F
3-2: Base on Balls
Batting: RHB Alex Rodriguez 0-0: Grounds into double play, 5-4-3 (Groundball, 5, EV 93.1 MPH)
Batting: RHB Albert Belle 0-0: Ball
1-0: Called Strike
1-1: Swinging Strike
1-2: Ground out 5-3 (Groundball, 56, EV 86.3 MPH)
Top of the 5th over - 0 runs, 0 hits, 0 errors, 0 left on base; Washington 3 - Seattle 1
BOTTOM OF THE 5TH
Seattle Pilots batting - Pitching for Washington Senators : RHP Jim Neidlinger
Batting: SHB Mark McLemore 0-0: Called Strike
0-1: Swinging Strike
0-2: Ball
1-2: Foul Ball, location: 2F
1-2: Ball
2-2: Ball
3-2: Base on Balls
Batting: RHB Aaron Ledesma 0-0: Fielders Choice at 2nd, 3-6 (Groundball, 3, EV 88.8 MPH)
Batting: RHB Joe Girardi 0-0: Foul Ball, location: 2F
0-1: Reached on error, E8 (Line Drive, 8RM, EV 103.1 MPH)
Aaron Ledesma to third
Batting: SHB Bill R Mueller 0-0: Ball
1-0: Foul Ball, location: 2F
1-1: Ball
2-1: Foul Ball, location: 2F
2-2: Ground out 4-3 (Groundball, 4, EV 89.4 MPH)
Aaron Ledesma scores
Joe Girardi to third
Batting: RHB Edgar Martinez 0-0: Called Strike
0-1: Ball
1-1: Called Strike
1-2: Strikes out looking
Bottom of the 5th over - 1 run, 0 hits, 1 error, 1 left on base; Washington 3 - Seattle 2
TOP OF THE 6TH
Washington Senators batting - Pitching for Seattle Pilots : RHP Cliff Brantley
Batting: RHB Eric Davis 0-0: Foul Ball, location: 2F
0-1: Ball
1-1: Fly out, F8 (Flyball, 89M, EV 82.5 MPH)
Batting: LHB Willie Greene 0-0: Ground out U3 (Groundball, 3, EV 105.6 MPH)
Batting: LHB Jon Nunnally 0-0: Ball
1-0: Ball
2-0: Called Strike
2-1: Foul Ball, location: 2F
2-2: Strikes out swinging
Top of the 6th over - 0 runs, 0 hits, 0 errors, 0 left on base; Washington 3 - Seattle 2
BOTTOM OF THE 6TH
Seattle Pilots batting - Pitching for Washington Senators : RHP Jim Neidlinger
Batting: LHB Ken Griffey Jr. 0-0: Ball
1-0: Ground out U3 (Groundball, 3, EV 101.3 MPH)
Batting: RHB Dante Bichette 0-0: Ball
1-0: Foul Ball, location: 2F
1-1: Foul Ball, location: 2F
1-2: Fly out, F9 (Flyball, 9, EV 91.9 MPH)
Batting: RHB Jermaine Dye 0-0: Fly out, F9 (Flyball, 89S, EV 85.6 MPH)
Bottom of the 6th over - 0 runs, 0 hits, 0 errors, 0 left on base; Washington 3 - Seattle 2
TOP OF THE 7TH
Washington Senators batting - Pitching for Seattle Pilots : RHP Cliff Brantley
Batting: SHB Mickey Tettleton 0-0: Swinging Strike
0-1: Ball
1-1: Called Strike
1-2: SINGLE (Groundball, 34D, EV 94.4 MPH)
Pitching: RHP Mike Hartley
Batting: LHB Don Mattingly 0-0: Ball
1-0: Ball
2-0: Ball
3-0: Swinging Strike
3-1: Called Strike
3-2: Strikes out looking
Batting: SHB Ray Durham 0-0: Ball
1-0: Fielders Choice at 2nd, 4-6 (Groundball, 4, EV 86.3 MPH)
Batting: RHB Vladimir Guerrero 0-0: Called Strike
0-1: Fly out, F8 (Line Drive, 8LM, EV 97.5 MPH)
Top of the 7th over - 0 runs, 1 hit, 0 errors, 1 left on base; Washington 3 - Seattle 2
BOTTOM OF THE 7TH
Seattle Pilots batting - Pitching for Washington Senators : RHP Jim Neidlinger
Batting: LHB J.T. Snow 0-0: Swinging Strike
0-1: Foul Ball, location: 2F
0-2: Ball
1-2: Ball
2-2: Foul Ball, location: 2F
2-2: Ball
3-2: Foul Ball, location: 2F
3-2: Foul Ball, location: 2F
3-2: Foul Ball, location: 2F
3-2: Ground out U3 (Groundball, 34, EV 107.5 MPH)
Batting: SHB Mark McLemore 0-0: Called Strike
0-1: Ball
1-1: Foul Ball, location: 2F
1-2: Ball
2-2: Foul Ball, location: 2F
2-2: SINGLE (Groundball, 34D, EV 101.3 MPH)
Pinch Hitting: LHB Marvin Benard 0-0: Called Strike
Mark McLemore steals 2nd base
0-1: Ball
1-1: Swinging Strike
1-2: Ball
2-2: Ball
3-2: Foul Ball, location: 2F
3-2: Base on Balls
Batting: RHB Joe Girardi 0-0: Fielders Choice at 2nd, 3-6 (Groundball, 3, EV 80.6 MPH)
Mark McLemore to third
Batting: SHB Bill R Mueller 0-0: Ball
1-0: Ball
2-0: Fly out, F9 (Flyball, 9S, EV 75.6 MPH)
Bottom of the 7th over - 0 runs, 1 hit, 0 errors, 2 left on base; Washington 3 - Seattle 2
TOP OF THE 8TH
Washington Senators batting - Pitching for Seattle Pilots : RHP Mike Hartley
Now at SS: Pat Listach
Batting: RHB Alex Rodriguez 0-0: Called Strike
0-1: Ball
1-1: Swinging Strike
1-2: Foul Ball, location: 2F
1-2: Ball
2-2: Foul Ball, location: 2F
2-2: Strikes out swinging
Batting: RHB Albert Belle 0-0: Ball
1-0: Called Strike
1-1: Foul Ball, location: 2F
1-2: Ball
2-2: SINGLE (Line Drive, 7S, EV 93.1 MPH)
Batting: RHB Eric Davis 0-0: Ball
1-0: Called Strike
1-1: Foul Ball, location: 2F
1-2: Ball
2-2: Ball
3-2: Foul Ball, location: 2F
3-2: Foul Ball, location: 2F
3-2: Base on Balls
Albert Belle to second
Pitching: LHP Derek Lilliquist
Batting: LHB Willie Greene 0-0: Ball
1-0: Called Strike
1-1: Ball
2-1: Fly out, F7 (Flyball, 7LSF, EV 87.5 MPH)
Batting: LHB Jon Nunnally 0-0: Ball
1-0: Ground out 4-3 (Groundball, 4, EV 85.0 MPH)
Top of the 8th over - 0 runs, 1 hit, 0 errors, 2 left on base; Washington 3 - Seattle 2
BOTTOM OF THE 8TH
Seattle Pilots batting - Pitching for Washington Senators : RHP Jim Neidlinger
Batting: RHB Edgar Martinez 0-0: Ball
1-0: Foul Ball, location: 2F
1-1: Called Strike
1-2: Ground out 4-3 (Groundball, 4M, EV 107.5 MPH)
Batting: LHB Ken Griffey Jr. 0-0: Ball
1-0: Ground out U3 (Groundball, 3L, EV 80.0 MPH)
Batting: RHB Dante Bichette 0-0: Called Strike
0-1: Swinging Strike
0-2: SINGLE (Groundball, 56D, EV 105.6 MPH)
Batting: RHB Jermaine Dye 0-0: Called Strike
0-1: Ball
1-1: Ball
2-1: Foul Ball, location: 2F
2-2: Fly out, F5 (Line Drive, 5, EV 69.4 MPH)
Bottom of the 8th over - 0 runs, 1 hit, 0 errors, 1 left on base; Washington 3 - Seattle 2
TOP OF THE 9TH
Washington Senators batting - Pitching for Seattle Pilots : LHP Derek Lilliquist
Batting: SHB Mickey Tettleton 0-0: Ball
1-0: Ball
2-0: Swinging Strike
2-1: Swinging Strike
2-2: Ball
3-2: Foul Ball, location: 2F
3-2: Fly out, F8 (Flyball, 8LS, EV 86.3 MPH)
Batting: LHB Don Mattingly 0-0: Ball
1-0: Ball
2-0: Ball
3-0: Called Strike
3-1: Fly out, F9 (Flyball, 9LM, EV 87.5 MPH)
Batting: SHB Ray Durham 0-0: SINGLE (Popup, 6MD, EV 72.5 MPH)
Batting: RHB Vladimir Guerrero 0-0: Called Strike
0-1: Called Strike
0-2: Ball
1-2: Foul Ball, location: 2F
1-2: Foul Ball, location: 2F
1-2: Strikes out swinging
Top of the 9th over - 0 runs, 1 hit, 0 errors, 1 left on base; Washington 3 - Seattle 2
BOTTOM OF THE 9TH
Seattle Pilots batting - Pitching for Washington Senators : RHP Jim Neidlinger
Pitching: RHP Troy Percival
Batting: LHB J.T. Snow 0-0: Called Strike
0-1: Foul Ball, location: 2F
0-2: Ground out 4-3 (Groundball, 34, EV 87.5 MPH)
Batting: SHB Mark McLemore 0-0: Ball
1-0: Called Strike
1-1: Foul Ball, location: 2F
1-2: Strikes out swinging
Batting: SHB Pat Listach 0-0: Called Strike
0-1: Foul Ball, location: 2F
0-2: Ball
1-2: Ground out 4-3 (Groundball, 34, EV 109.4 MPH)
Bottom of the 9th over - 0 runs, 0 hits, 0 errors, 0 left on base; Washington 3 - Seattle 2
Monday, February 23rd, 2026 - OOTP Baseball 20.8 Build 74